 Dungeon Crawl Stone Soup version 0.28-a0-247-gb8bfbab023 (webtiles) character file.

Game seed: 10430997516509342756

20181 Gobbopathe the Fighter (level 12, -15/81 HPs)
             Began as a Demonspawn Chaos Knight on Aug 25, 2021.
             Was a Plaything of Xom.
             Demolished by a death yak (34 damage)
             ... led by a torpor snail
             ... on level 2 of the Lair of Beasts.
             The game lasted 00:46:29 (15058 turns).

Gobbopathe the Fighter (Demonspawn Chaos Knight)   Turns: 15058, Time: 00:46:30

Health: -15/81     AC: 10    Str: 18 (20) XL:     12   Next: 43%
Magic:  12/12      EV: 11    Int: 18      God:    Xom [....*.]
Gold:   500        SH: 10    Dex: 15 (16) Spells: 9/11 levels left

rFire   + . .      SeeInvis .   a - +4 broad axe of Turmoil {chaos, rF+ Int+4 Dex+3 Stlth+}
rCold   + + +      Faith    .   L - +0 kite shield
rNeg    . . .      Spirit   .   S - +2 leather armour
rPois   +          Reflect  .   (no helmet)
rElec   .          Harm     .   s - +0 cloak
rCorr   .          Rampage  .   V - +0 pair of gloves
Will    .....      Clarity  +   (boots unavailable)
Stlth   ++........              (no amulet)
HPRegen 0.23/turn               z - ring of Gobbopathe's Death {rPois Str+3}
MPRegen 0.13/turn               y - +4 ring of slaying

@: studying Unarmed Combat
A: hooves 3, icy blue scales 3, ignite blood 1, clarity, cold resistance 2,
deformed body, frail 2, passive freeze
a: Renounce Religion


You were on level 2 of the Lair of Beasts.
You worshipped Xom.
You were a beloved toy of Xom.
You visited 2 branches of the dungeon, and saw 13 of its levels.

You collected 708 gold pieces.
You spent 208 gold pieces at shops.

Inventory:

Hand Weapons
 a - the +4 broad axe of Turmoil (weapon) {chaos, rF+ Int+4 Dex+3 Stlth+}
   (Xom gifted it to you on level 10 of the Dungeon)

   Each time it hits an enemy it has a different, random effect.
   Int:       It affects your intelligence (+4).
   Dex:       It affects your dexterity (+3).
   rF:        It protects you from fire.
   Stlth:     It makes you more stealthy.
 b - the +10 hunting sling of Disembowelment {freeze, *Slow rElec rPois rCorr}
   (You bought it in a shop on level 8 of the Dungeon)

   Any ammunition fired from it freezes those it strikes, dealing additional
   cold damage.
   It can also slow down cold-blooded creatures.
   rElec:     It insulates you from electricity.
   rPois:     It protects you from poison.
   rCorr:     It protects you from acid and corrosion.
   *Slow:     It may slow you when you take damage.
 c - the +2 war axe of Internal Strife {vorpal, rElec Str+3 Int-3}
   (You found it on level 10 of the Dungeon)

   It inflicts extra damage upon your enemies.
   Str:       It affects your strength (+3).
   Int:       It affects your intelligence (-3).
   rElec:     It insulates you from electricity.
 f - a +2 vampiric war axe
Missiles
 h - 429 stones
 D - 18 boomerangs (quivered)
 G - 2 throwing nets
 P - 44 sling bullets
Armour
 s - a +0 cloak (worn)
 L - a +0 kite shield (worn)
 S - a +2 leather armour (worn)
 V - a +0 pair of gloves (worn)
Magical Staves
 I - a staff of fire
 R - a staff of poison
Jewellery
 j - a +4 ring of protection
 m - a ring of magical power
 o - a ring of wizardry
 p - an amulet of guardian spirit
 y - a +4 ring of slaying (right hand)
 z - the ring of Gobbopathe's Death (left hand) {rPois Str+3}
   (Xom gifted it to you on level 6 of the Dungeon)

   [ring of poison resistance]

   Str:       It affects your strength (+3).
   rPois:     It protects you from poison.
 M - a +6 ring of intelligence
 O - a ring of positive energy
 X - a +4 ring of protection
Wands
 l - a wand of flame (46)
Scrolls
 d - a scroll of fear
 e - 8 scrolls of teleportation
 g - a scroll of blinking {unknown}
 i - a scroll of acquirement {unknown}
 q - 4 scrolls of magic mapping
 v - 3 scrolls of amnesia
 w - 2 scrolls of enchant weapon
 A - 2 scrolls of enchant armour
 E - a scroll of immolation
 K - a scroll of holy word {unknown}
 N - 2 scrolls of torment
 W - a scroll of fog
Potions
 k - a potion of haste
 n - a potion of flight
 r - a potion of berserk rage
 t - a potion of degeneration
 u - 2 potions of ambrosia
 B - 2 potions of magic
 H - 2 potions of curing
 T - a potion of might
 Y - a potion of lignification
 Z - 2 potions of brilliance
Miscellaneous
 F - a piece from Xom's chessboard (15/15)
 U - a piece from Xom's chessboard (15/15)


   Skills:
 - Level 12.0 Fighting
 - Level 8.0 Axes
 + Level 7.3 Slings
 - Level 4.0 Armour
 - Level 4.0 Dodging
 + Level 7.0 Shields
 - Level 3.0 Translocations
 - Level 8.0 Evocations


You had 9 spell levels left.
You knew the following spells:

 Your Spells              Type           Power      Damage    Failure   Level
a - Blink                 Tloc           N/A        N/A       32%         2

Your spell library contained the following spells:

 Spells                   Type           Power      Damage    Failure   Level
 Lesser Beckoning         Tloc           5%         N/A       54%         3
 Teleport Other           Tloc           10%        N/A       54%         3
 Foxfire                  Conj/Fire      0%         2x1d4     58%         1
 Passwall                 Tmut/Erth      0%         N/A       73%         2
 Slow                     Hex            0%         N/A       73%         2
 Static Discharge         Conj/Air       0%         N/A       73%         2
 Confusing Touch          Hex            0%         N/A       91%         3
 Conjure Flame            Conj/Fire      0%         6-21      91%         3
 Frozen Ramparts          Ice            0%         1d2       91%         3
 Inner Flame              Hex/Fire       0%         N/A       91%         3
 Stone Arrow              Conj/Erth      0%         3d7       91%         3
 Vampiric Draining        Necr           0%         2d6       91%         3
 Manifold Assault         Tloc           10%        N/A       99%         5
 Animate Armour           Summ/Erth      0%         N/A       100%        4
 Dispel Undead            Necr           0%         3d6       100%        4
 Sticky Flame             Conj/Fire      0%         2d3       100%        4
 Summon Ice Beast         Ice/Summ       0%         N/A       100%        4
 Metabolic Englaciation   Hex/Ice        0%         N/A       100%        5
 Summon Forest            Summ/Tloc      2%         N/A       100%        5
 Yara's Violent Unravell  Hex/Tmut       0%         3d3       100%        5
 Dispersal                Tloc           5%         N/A       100%        6
 Eringya's Noxious Bog    Tmut/Pois      0%         N/A       100%        6
 Shadow Creatures         Summ           N/A        N/A       100%        6
 Simulacrum               Ice/Necr       0%         N/A       100%        6
 Summon Hydra             Summ           0%         N/A       100%        7
 Lehudib's Crystal Spear  Conj/Erth      0%         10d2      100%        8
 Dragon's Call            Summ           0%         N/A       100%        9


Dungeon Overview and Level Annotations

Branches:
Dungeon (10/15)            Temple (0/1) D:5            Lair (3/6) D:8
  Snake (0/4) Lair:2
  Swamp: Lair:2-4    Shoals: Lair:2-4       Orc: D:9-12

Altars:
Elyvilon
Fedhas
Gozag
Hepliaklqana
Okawaru
Qazlal
Uskayaw
Xom

Shops:
D:8 (

Annotations:
D:10 exclusion: two-headed ogre


Innate Abilities, Weirdness & Mutations

You have hooves in place of feet.
You are completely covered in icy blue scales. (AC +4, rC+)
Your demonic aura sometimes causes spilled blood to erupt in flames.
You possess an exceptional clarity of mind.
Your flesh is very cold resistant. (rC++)
Armour fits poorly on your strangely shaped body.
You are very frail. (-20% HP)
A frigid envelope surrounds you and freezes all who hurt you.


Message History

There is a stone staircase leading down here.
Xom asks Qazlal to spice things up a little.
The water moccasin barely misses you.
The death yak gores you but does no damage.
The death yak is very cold.
The death yak is moderately wounded.
There is a stone staircase leading up here.
The death yak gores you!!
You climb upwards.
There is a stone staircase leading down here.
The +10 hunting sling of Disembowelment {freeze, *Slow rElec rPois rCorr} stops glowing.
You feel clever.
You feel agile.
The +4 broad axe of Turmoil {chaos, rF+ Int+4 Dex+3 Stlth+} is briefly surrounded by a scintillating aura of random colours.
a - the +4 broad axe of Turmoil (weapon)
{chaos, rF+ Int+4 Dex+3 Stlth+} "Forecast: mostly cloudy."
You hit the death yak.
You kick the death yak, but do no damage.
The death yak is moderately wounded.
The death yak gores you but does no damage.
The death yak is very cold.
The death yak is heavily wounded.
You block the death yak's attack.
You hit the death yak.
The death yak seems to grow stronger.
The death yak is heavily wounded.
The death yak gores you!
The death yak is very cold.
The death yak is heavily wounded.
Unknown command.
There is a stone staircase leading down, spattered with blood here. "This might be better!"
The death yak suddenly stops moving!
The death yak is no longer paralysed.
The death yak gores you!!!
* * * LOW HITPOINT WARNING * * *
The death yak is very cold.
The death yak is severely wounded.
There is a stone staircase leading down, spattered with blood here.
Unknown command.
Unknown command.
The death yak gores you!!
You die...
Xom howls with laughter!

.#..≈≈...........§§§....##
....≈.≈≈≈................#
....≈≈≈≈≈................#
....≈≈.≈................##
....≈.≈≈..........°.....###
.##.≈≈≈≈...........°......#
....≈≈≈≈............≈≈≈≈..#
....≈≈≈≈........Y...≈##≈..#
.#..≈≈≈≈≈.......@...≈≈≈≈..#
####≈≈≈≈..................#
≈≈≈≈≈≈≈≈.............######
≈≈≈≈≈≈≈≈.............#
≈≈≈≈≈≈≈.≈...........##
#≈≈≈≈≈...............#
#####.......######..##
#........<..#≈≈≈≈#.##
............#≈≈≈≈#..#


You could see a death yak (strong).

Vanquished Creatures
  3 hydras
  A catoblepas (Lair:3)
  A two-headed ogre (D:8)
  An oklob plant (Lair:3)
  2 black mambas
  A torpor snail (Lair:3)
  4 cane toads (Lair:2)
  A komodo dragon (Lair:1)
  A tyrant leech (Lair:3)
  3 polar bears
  2 trolls
  A slime creature (D:10)
  Prince Ribbit (D:7)
  3 blink frogs (Lair:1)
  A meliai zombie (D:10)
  A spriggan (D:9)
  4 wyverns
  2 wraiths (D:9)
  4 basilisks
  17 yaks
  A human (shapeshifter) (D:6)
  A steam dragon (D:6)
  An acid dragon (D:10)
  3 swamp worms (Lair:3)
  11 water moccasins
  Duvessa (D:7)
  3 orc warriors
  3 sky beasts (D:6)
  An ice beast (D:6)
  A black bear (D:8)
  2 necrophages
  6 centaurs
  8 wolves
  A kobold brigand (D:10)
  9 bullfrogs
  2 scorpions
  A gnoll sergeant (D:8)
  Dowan (D:7)
  A vampire bat (D:5)
  3 wights (D:7)
  3 howler monkeys
  3 electric eels
  5 centaur zombies
  8 jellies
  2 orc priests
  2 bullfrog skeletons
  A centaur skeleton (D:5)
  3 orc wizards
  3 iguanas
  A scorpion zombie (D:5)
  Ijyb (D:3)
  Natasha (twice) (D:3 D:2)
  A killer bee zombie (D:8)
  3 hound skeletons
  Robin (D:2)
  8 gnolls
  4 adders
  2 howler monkey skeletons
  A white imp (D:6)
  An ufetubus (D:5)
  A worm (D:3)
  A dart slug (D:1)
  18 orcs
  19 endoplasms
  2 giant cockroaches
  13 goblins
  6 hobgoblins
  6 kobolds
  2 quokkas
  5 ball pythons
  9 bats
  7 frilled lizards
  A spectral goblin (D:10)
  A bush (Lair:3)
260 creatures vanquished.

Vanquished Creatures (collateral kills)
  2 yaks
  An ice beast (D:5)
  A necrophage (D:5)
  2 orc priests (D:5)
  A bullfrog zombie (D:5)
  A gnoll shaman (D:5)
  An iguana (D:4)
  An orc wizard (D:5)
  5 gnolls (D:5)
  3 orcs (D:5)
18 creatures vanquished.

Vanquished Creatures (others)
  A scorpion (D:5)
  A bullfrog skeleton (D:5)
  A hobgoblin (D:2)
  16 fungi
  66 plants
85 creatures vanquished.

Grand Total: 363 creatures vanquished

Notes
Turn   | Place    | Note
-------+----------+-------------------------------------------
     0 | D:1      | Gobbopathe the Demonspawn Chaos Knight began the quest for
                  | the Orb.
     0 | D:1      | Reached XP level 1. HP: 18/18 MP: 1/1
    25 | D:1      | XOM: silly message
    55 | D:1      | Reached skill level 1 in Dodging
   131 | D:1      | Gained mutation: You have large cloven feet. [demonic
                  | ancestry]
   131 | D:1      | Reached XP level 2. HP: 24/24 MP: 2/2
   413 | D:1      | Found a faded altar of an unknown god.
   519 | D:1      | XOM: summons 2 hostile demons
   520 | D:1      | Noticed a crimson imp
   924 | D:2      | Gained mutation: You have hoof-like feet. [demonic
                  | ancestry]
   924 | D:2      | Reached XP level 3. HP: 28/29 MP: 3/3
   933 | D:2      | XOM: summons 1 hostile shadow creature
  1090 | D:2      | XOM: 1-stop teleportation journey
  1166 | D:2      | Noticed Robin
  1178 | D:2      | XOM: chaos upgrade
  1181 | D:2      | XOM: chaos cloud
  1186 | D:2      | Killed Robin
  1435 | D:2      | Gained mutation: You are partially covered in icy blue
                  | scales. (AC +2) [demonic ancestry]
  1435 | D:2      | Reached XP level 4. HP: 37/37 MP: 4/4
  1659 | D:2      | XOM: summons 2 hostile demons
  1853 | D:3      | Noticed Ijyb
  1863 | D:3      | XOM: confusion
  1870 | D:3      | Killed Ijyb
  1871 | D:3      | Reached skill level 4 in Fighting
  2128 | D:3      | Noticed Natasha
  2173 | D:3      | Killed Natasha
  2231 | D:3      | Noticed Natasha
  2237 | D:3      | XOM: give mutations
  2237 | D:3      | Gained mutation: Your flesh is cold resistant. (rC+) [Xom's
                  | mischief]
  2237 | D:3      | Gained mutation: You are dopey. (Int -2) [Xom's mischief]
  2237 | D:3      | Gained mutation: You are frail. (-10% HP) [Xom's mischief]
  2244 | D:2      | Reached XP level 5. HP: 37/37 MP: 5/5
  2263 | D:2      | Killed Natasha
  2509 | D:3      | XOM: 1-stop teleportation journey
  2511 | D:3      | XOM: enchant monster (good)
  2945 | D:4      | XOM: fog
  3015 | D:4      | Reached XP level 6. HP: 45/45 MP: 6/6
  3208 | D:4      | XOM: 2-stop teleportation journey
  3211 | D:4      | XOM: scenery: summon butterflies
  3320 | D:4      | XOM: summons 3 friendly demons
  3324 | D:4      | Reached skill level 5 in Fighting
  3429 | D:4      | XOM: scenery: summon butterflies
  3629 | D:5      | Entered Level 5 of the Dungeon
  3668 | D:5      | XOM: potion effect (heal wounds)
  3669 | D:5      | XOM: enchant monster (good)
  3679 | D:5      | Noticed an ice beast
  3688 | D:5      | XOM: give mutation
  3688 | D:5      | Gained mutation: A frigid envelope surrounds you and
                  | freezes all who hurt you. [Xom's grace]
  3690 | D:5      | Killed an ice beast
  3691 | D:5      | Reached XP level 7. HP: 26/50 MP: 7/7
  3751 | D:5      | Reached skill level 6 in Fighting
  3753 | D:5      | XOM: god gift: blackened jade ring {god gift}
  4576 | D:5      | Found a staircase to the Ecumenical Temple.
  4582 | D:5      | XOM: enchant monster (good)
  4602 | D:5      | Learned a level 2 spell: Blink
  4700 | D:5      | XOM: give mutations
  4700 | D:5      | Gained mutation: Your flesh is very cold resistant. (rC++)
                  | [Xom's grace]
  4700 | D:5      | Lost mutation: You are dopey. (Int -2) [Xom's grace]
  4700 | D:5      | Gained mutation: You possess an exceptional clarity of
                  | mind. [Xom's grace]
  4700 | D:5      | Gained mutation: You have an increased reservoir of magic.
                  | (+10% MP) [Xom's grace]
  4736 | D:6      | XOM: summons friendly iron imp
  4737 | D:6      | Identified the ring of Gobbopathe's Death {rPois Str+3}
                  | (Xom gifted it to you on level 6 of the Dungeon)
  4737 | D:6      | XOM: god gift: ring of Gobbopathe's Death {rPois Str+3}
  4751 | D:6      | Gained mutation: You have hooves in place of feet. [demonic
                  | ancestry]
  4751 | D:6      | Reached XP level 8. HP: 46/58 MP: 8/8
  4912 | D:6      | XOM: enchant monster (bad)
  4972 | D:6      | Reached skill level 7 in Fighting
  4972 | D:6      | Reached skill level 1 in Translocations
  5243 | D:6      | XOM: cloud trail
  5249 | D:6      | Paralysed by you for 7 turns
  5269 | D:6      | Noticed a troll
  5269 | D:6      | Noticed a troll
  5276 | D:6      | Killed a troll
  5277 | D:6      | Reached skill level 5 in Axes
  5281 | D:6      | XOM: 1-stop teleportation journey
  5319 | D:6      | XOM: summons 4 hostile shadow creatures
  5794 | D:6      | XOM: stat loss: -1 Dex (11/12)
  5893 | D:6      | XOM: confuse monster(s)
  5906 | D:6      | Reached skill level 8 in Fighting
  5973 | D:6      | XOM: summons 2 hostile demons
  6153 | D:6      | XOM: god gift: 24 stones
  6230 | D:6      | XOM: confuse monster(s)
  6235 | D:6      | Gained mutation: You are mostly covered in icy blue scales.
                  | (AC +3) [demonic ancestry]
  6235 | D:6      | Reached XP level 9. HP: 67/67 MP: 9/9
  6310 | D:6      | XOM: god gift: 4 boomerangs
  6704 | D:7      | Reached skill level 9 in Fighting
  6761 | D:7      | Noticed Duvessa
  6761 | D:7      | Noticed Dowan
  6761 | D:7      | XOM: 4-stop teleportation journey
  6766 | D:7      | Killed Duvessa
  6769 | D:7      | Killed Dowan
  7094 | D:7      | Noticed Prince Ribbit
  7104 | D:7      | Killed Prince Ribbit
  7105 | D:7      | Reached skill level 1 in Evocations
  7130 | D:7      | XOM: noise
  7239 | D:8      | XOM: summons friendly white imp
  7380 | D:8      | Found Hierch's Antique Weapon Emporium.
  7391 | D:8      | XOM: noise
  7394 | D:8      | Bought an iridescent hunting sling for 208 gold pieces
  7394 | D:8      | Identified the +10 hunting sling of Disembowelment {freeze,
                  | *Slow rElec rPois rCorr} (You bought it in a shop on level
                  | 8 of the Dungeon)
  7452 | D:8      | Noticed an elephant
  7457 | D:8      | XOM: divination: detect items
  7475 | D:8      | Found a blossoming altar of Fedhas.
  7508 | D:8      | Reached skill level 10 in Fighting
  7532 | D:8      | XOM: scenery: create altars
  7538 | D:8      | Reached skill level 1 in Slings
  7559 | D:8      | Found an iron altar of Okawaru.
  7645 | D:8      | Noticed a two-headed ogre
  7654 | D:8      | Killed a two-headed ogre
  7655 | D:8      | Reached XP level 10. HP: 21/77 MP: 11/11
  7678 | D:8      | XOM: scenery: summon butterflies
  7756 | D:7      | XOM: cloud trail
  7976 | D:8      | Found a staircase to the Lair.
  8208 | D:8      | XOM: god gift: Xom's Papyrus of Entitlement {god gift}
  8215 | D:8      | Got Xom's Papyrus of Entitlement {god gift}
  8340 | D:9      | XOM: noise
  8562 | D:9      | Noticed a +0 dagger
  8565 | D:9      | Noticed a +0 falchion
  8574 | D:9      | Found a hide-covered altar of Uskayaw.
  8574 | D:9      | Noticed a +0 spear
  8574 | D:9      | Noticed a +0 dagger
  8575 | D:9      | Noticed a +0 short sword
  8576 | D:9      | Noticed a +0 spear
  8576 | D:9      | Noticed a +0 short sword
  8577 | D:9      | Noticed a +0 falchion
  8640 | D:9      | XOM: 8-stop teleportation journey
  8654 | D:9      | XOM: polymorph troll -> spriggan
  8659 | D:9      | Reached skill level 1 in Shields
  9123 | D:10     | Entered Level 10 of the Dungeon
  9146 | D:10     | Identified the +2 war axe of Internal Strife {vorpal, rElec
                  | Str+3 Int-3}
  9153 | D:10     | Reached skill level 11 in Fighting
  9345 | D:10     | Found an opulent altar of Gozag.
  9447 | D:10     | XOM: summons friendly chaos spawn
  9494 | D:10     | XOM: swap monsters
  9614 | D:10     | XOM: chaos cloud
  9617 | D:10     | XOM: summons 3 hostile demons
  9709 | D:10     | XOM: noise
  9773 | D:10     | XOM: scenery: summon butterflies
  9808 | D:10     | Gained mutation: Your demonic aura sometimes causes spilled
                  | blood to erupt in flames. [demonic ancestry]
  9808 | D:10     | Reached XP level 11. HP: 82/83 MP: 12/12
 10188 | D:10     | Identified the +4 broad axe of Turmoil {vorpal, rF+ Int+4
                  | Dex+3 Stlth+} (Xom gifted it to you on level 10 of the
                  | Dungeon)
 10188 | D:10     | XOM: god gift: +4 broad axe of Turmoil {chaos, rF+ Int+4
                  | Dex+3 Stlth+}
 10374 | D:10     | Noticed a two-headed ogre
 10485 | D:10     | Found a hazy altar of Hepliaklqana.
 10591 | Lair:1   | Entered Level 1 of the Lair of Beasts
 10740 | Lair:1   | Noticed a six-headed hydra
 10741 | Lair:1   | XOM: confuse monster(s)
 10744 | Lair:1   | Killed a six-headed hydra
 10745 | Lair:1   | Reached skill level 5 in Evocations
 10768 | Lair:1   | XOM: butterfly on damage
 10802 | Lair:1   | Reached skill level 12 in Fighting
 10818 | Lair:1   | XOM: cloud trail
 10864 | Lair:1   | XOM: divination: detect creatures
 11016 | Lair:1   | XOM: cloud trail
 11796 | Lair:2   | XOM: divination: detect items
 11804 | Lair:2   | XOM: potion effect (berserk rage)
 11813 | Lair:2   | Reached skill level 5 in Slings
 11816 | Lair:2   | XOM: summons friendly shadow imp
 12062 | Lair:2   | XOM: summons 11 friendly demons
 12067 | Lair:2   | Reached skill level 5 in Shields
 12126 | Lair:2   | XOM: give mutations
 12126 | Lair:2   | Gained mutation: You sometimes lose the ability to read
                  | scrolls when taking damage. [Xom's mischief]
 12126 | Lair:2   | Lost mutation: You sometimes lose the ability to read
                  | scrolls when taking damage. [Xom's mischief]
 12152 | Lair:2   | Found a staircase to the Snake Pit.
 12288 | Lair:2   | Noticed a seven-headed hydra
 12297 | Lair:2   | Killed a seven-headed hydra
 12305 | Lair:2   | XOM: silly message
 12599 | Lair:2   | XOM: silly message
 12719 | Lair:2   | Gained mutation: You are completely covered in icy blue
                  | scales. (AC +4, rC+) [demonic ancestry]
 12719 | Lair:2   | Reached XP level 12. HP: 90/91 MP: 13/13
 12763 | Lair:2   | Got the Compendium of Dusty Summoning
 13028 | Lair:3   | XOM: enchant monster (bad)
 13198 | Lair:3   | Found a stormy altar of Qazlal.
 13223 | Lair:3   | XOM: give mutations
 13223 | Lair:3   | Gained mutation: Armour fits poorly on your strangely
                  | shaped body. [Xom's mischief]
 13223 | Lair:3   | Gained mutation: You are very frail. (-20% HP) [Xom's
                  | mischief]
 13223 | Lair:3   | Lost mutation: You have an increased reservoir of magic.
                  | (+10% MP) [Xom's mischief]
 13287 | Lair:3   | XOM: divination: magic mapping
 13316 | Lair:3   | Noticed an eight-headed hydra
 13316 | Lair:3   | XOM: fog
 13321 | Lair:3   | Killed an eight-headed hydra
 13385 | Lair:3   | Noticed a death yak
 13474 | Lair:3   | XOM: confuse monster(s)
 13553 | Lair:3   | XOM: scenery: summon butterflies
 13558 | Lair:3   | XOM: confuse monster(s)
 13847 | Lair:3   | XOM: confuse monster(s)
 13971 | Lair:3   | XOM: 2-stop teleportation journey
 14014 | Lair:3   | XOM: cast spell 'Olgreb's Toxic Radiance'
 14063 | Lair:3   | XOM: 1-stop teleportation journey
 14072 | Lair:3   | Xom revived you
 14225 | Lair:3   | XOM: divination: detect creatures
 14425 | Lair:3   | Noticed a death yak
 14435 | Lair:3   | XOM: 1-stop teleportation journey
 14447 | Lair:3   | XOM: god gift: scroll labelled ALYR LYOWNAUFF {god gift}
 14447 | Lair:3   | XOM: smoke on damage
 14506 | Lair:3   | XOM: god gift: amulet of guardian spirit
 14702 | Lair:3   | XOM: scenery: create altars
 14732 | Lair:3   | XOM: 4-stop teleportation journey
 14775 | Lair:3   | Noticed a catoblepas
 14781 | Lair:3   | XOM: fog
 14786 | Lair:3   | Killed a catoblepas
 15031 | Lair:3   | XOM: 1-stop teleportation journey
 15036 | Lair:3   | XOM: fog
 15043 | Lair:2   | XOM: fog
 15052 | Lair:2   | XOM: enchant monster (good)
 15058 | Lair:2   | Demolished by a death yak

Illustrated notes

Levels and vault maps discovered:
D:1:      nzn_arrival_water_spiral, layout_rooms, basic_ecumenical_altar,
          serial_forest, infiniplex_forest_end_3, infiniplex_forest_lined_ring,
          infiniplex_forest_clump_small, infiniplex_forest_lined_room_2,
          infiniplex_forest_straight_3, infiniplex_forest_clump_double,
          infiniplex_forest_end_3
D:2:      layout_loops_corners, uniq_robin
D:3:      layout_rooms, uniq_natasha, uniq_ijyb
D:4:      layout_layer_cave, minmay_stone_trees_small
D:5:      layout_loops_ring, minmay_temple_entry_junction_2, roderic_batcave
D:6:      layout_basic, minmay_misc_feat_roman, minmay_small_thing
D:7:      cheibrodos_quashed, layout_rooms, hellmonk_bongcloud_opening,
          uniq_duvessa, uniq_prince_ribbit1
D:8:      layout_rooms, okawaru_gym_becter, fedhas_altar_fruit_tree,
          david_lair_generic, serial_shops, nicolae_shop_waterfront,
          hangedman_decor_slide_cut
D:9:      layout_roguey, nicolae_uskayaw_en_pointe
D:10:     lemuel_slime, layout_irregular_city, lemuel_doored_altar,
          nicolae_hepliaklqana_monster_ancestors,
          nicolae_elyvilon_peaceful_grove, minmay_puff
Lair:1:   layout_small_grid, serial_bayou, serial_bayou_shore_b,
          serial_bayou_pond_d, serial_bayou_pond_e, serial_bayou_lagoon_a
Lair:2:   layout_gridlike, dummy_snake_entry, serial_rivers,
          chequers_serial_rivers_large_a, chequers_serial_rivers_room_b,
          chequers_serial_rivers_micro_e, chequers_serial_rivers_marsh,
          chequers_serial_rivers_micro_b, beast_lair_carwin_5
Lair:3:   layout_small_grid, minmay_shoals_entry_centaurs, basic_altar,
          minmay_lair_oklob_bushes, worms_lemuel, serial_bayou_shore_a,
          infiniplex_staircase_pool_2, uniq_urug

Skill      XL: |  1  2  3  4  5  6  7  8  9 10 11 12 |
---------------+-------------------------------------+-----
Dodging        | 1 2 3 4 |  4.0
Armour         | 2 3 4 |  4.0
Axes           | 3 4 5 7 8 |  8.0
Fighting       | 4 5 6 8 10 11 12 | 12.0
Translocations | 3 |  3.0
Evocations     | 2 4 7 8 |  8.0
Slings         | 2 3 6 7 |  7.3
Shields        | 2 5 7 |  7.0

Action                   |  1- 3 |  4- 6 |  7- 9 | 10-12 || total
-------------------------+-------+-------+-------+-------++-------
Melee: Hand axe          |   110 |   209 |   159 |   119 ||   597
       Kick              |     4 |       |    35 |    80 ||   119
       War axe           |       |       |       |    10 ||    10
       Broad axe         |       |       |       |   110 ||   110
 Fire: Hunting sling     |       |    23 |    55 |   170 ||   248
Throw: Stone             |       |     2 |       |       ||     2
       Boomerang         |       |       |    13 |       ||    13
  Use: Potion            |     1 |       |     1 |     5 ||     7
       Scroll            |       |       |       |    13 ||    13
 Stab: Sleeping          |     1 |     1 |       |       ||     2
       Distracted        |       |     1 |     1 |       ||     2
       Paralysed         |       |     3 |     1 |       ||     4
       Confused          |       |     1 |     4 |       ||     5
       Petrified         |       |       |     5 |       ||     5
Armor: Leather armour    |    36 |   155 |    72 |    95 ||   358
       Skin              |       |       |       |     7 ||     7
Dodge: Dodged            |    72 |   192 |    79 |   104 ||   447
Block: Kite shield       |       |       |       |   111 ||   111

Table legend: (Time is in decaauts)
 A = Elapsed time spent in this place.
 B = Non-inter-level travel time spent in this place.
 C = Inter-level travel time spent in this place.
 D = Time resting spent in this place.
 E = Time spent auto-exploring this place.
 F = Levels seen in this place.
 G = Mean time per level.
                   A        B        C        D        E       F      G
               +--------+--------+--------+--------+--------+-----+--------+
         Total |  15273 |  14786 |    487 |   2934 |   8623 |  13 | 1174.8 |
       Dungeon |  10712 |  10278 |    434 |   1560 |   6388 |  10 | 1071.2 |
          Lair |   4560 |   4507 |     53 |   1374 |   2235 |   3 | 1520.0 |
               +--------+--------+--------+--------+--------+-----+--------+

Top non-repeatable levels by time:
  Lair:3: 1881 daAuts
     D:6: 1667 daAuts
  Lair:2: 1477 daAuts
    D:10: 1450 daAuts
     D:2: 1352 daAuts
  Lair:1: 1201 daAuts
     D:4: 1125 daAuts
     D:5: 1069 daAuts
     D:8: 952 daAuts
     D:9: 837 daAuts
     D:7: 834 daAuts
     D:3: 742 daAuts
     D:1: 680 daAuts
